 Dungeon Crawl Stone Soup version 0.21.1-1-g345015f (webtiles) character file.

4 tidbits the Sneak (level 1, 13/13 HPs)
             Began as a Gnoll Enchanter on June 12, 2018.
             Quit the game on level 2 of the Dungeon.
             The game lasted 00:00:42 (80 turns).

tidbits the Sneak (Gnoll Enchanter)                   Turns: 80, Time: 00:00:44

Health: 13/13      AC:  2    Str: 10    XL:     1   Next: 70%
Magic:  6/6        EV: 14    Int: 17    God:
Gold:   32         SH:  0    Dex: 15    Spells: 8/9 levels left

rFire    . . .     SeeInvis .   a - +1 dagger
rCold    . . .     Gourm    .   (no shield)
rNeg     . . .     Faith    .   b - +0 robe
rPois    .         Spirit   .   (no helmet)
rElec    .         Reflect  .   (no cloak)
rCorr    .         Harm     .   (no gloves)
MR       .....                  (no boots)
Stlth    +++.......             h - amulet of inaccuracy (curse)
HPRegen  0.04/turn              (no ring)
MPRegen  0.10/turn              (no ring)

@: no status effects
A: distributed training, fangs 1, strong nose
a: no special abilities


You were on level 2 of the Dungeon.
You were not hungry.

You visited 1 branch of the dungeon, and saw 2 of its levels.

You collected 32 gold pieces.

Inventory:

Hand Weapons
 a - a +1 dagger (weapon)
Missiles
 g - 11 stones (quivered)
Armour
 b - a +0 robe (worn)
Jewellery
 f - an uncursed ring of fire
   (You found it on level 2 of the Dungeon)
 h - a cursed amulet of inaccuracy (around neck)
   (You found it on level 2 of the Dungeon)
Books
 c - a book of Maledictions

   Spells                             Type                      Level
   a - Corona                         Hexes                        1
   b - Ensorcelled Hibernation        Hexes/Ice                    2
   c - Confuse                        Hexes                        3
   d - Tukima's Dance                 Hexes                        3
   e - Dazzling Spray                 Conjuration/Hexes            3
Comestibles
 d - 2 rations


   Skills:
 + Level 0.1 Fighting
 + Level 2.4 Short Blades
 + Level 0.1 Long Blades
 + Level 0.1 Axes
 + Level 0.1 Maces & Flails
 + Level 0.1 Polearms
 + Level 0.1 Staves
 + Level 0.1 Slings
 + Level 0.1 Bows
 + Level 0.1 Crossbows
 + Level 0.1 Throwing
 + Level 0.1 Armour
 + Level 4.4 Dodging
 + Level 5.9 Stealth
 + Level 0.1 Shields
 + Level 0.1 Unarmed Combat
 + Level 4.9 Spellcasting
 + Level 0.1 Conjurations
 + Level 5.3 Hexes
 + Level 0.1 Charms
 + Level 0.1 Summonings
 + Level 0.1 Necromancy
 + Level 0.1 Translocations
 + Level 0.1 Transmutations
 + Level 0.1 Fire Magic
 + Level 0.1 Ice Magic
 + Level 0.1 Air Magic
 + Level 0.1 Earth Magic
 + Level 0.1 Poison Magic
 + Level 0.2 Invocations
 + Level 0.1 Evocations


You had 8 spell levels left.
You knew the following spells:

 Your Spells              Type           Power        Failure   Level  Hunger
a - Corona                Hex            ###....      1%          1    None


Dungeon Overview and Level Annotations

Branches:
Dungeon (2/15)

Altars:


Innate Abilities, Weirdness & Mutations

Your experience applies equally to all skills.
You have very sharp teeth.
Your uncanny sense of smell can sniff out nearby items.


Message History

Welcome, tidbits the Gnoll Enchanter.
Will you prevail where others failed? Will you find the Orb of Zot?
Press ? for a list of commands and other information.
Found a staircase leading out of the dungeon.
You open the door. You open the door.
Found a ration.
There is an open door here.
You see here a ration.
d - 2 rations (gained 1)
You open the large door.
A leopard gecko zombie comes into view.
Found a scroll labeled REOMME XASS.
There is a large open door here.
There is a large open door here.
The helpless leopard gecko zombie fails to defend itself.
You impale the leopard gecko zombie!!
You destroy the leopard gecko zombie!
You enter the shallow water.
Moving in this stuff is going to be slow.
A bat zombie comes into view.
You see here a scroll labeled REOMME XASS.
The bat zombie hits you but does no damage. x3
The bat zombie barely misses you.
The bat zombie hits you but does no damage.
You see here a scroll labeled REOMME XASS.
Casting: Corona
Confirm with . or Enter, or press ? or * to list all spells.
You don't know that spell.
Adjust (i)tems, (s)pells, or (a)bilities?
Adjust which spell? o - Corona Adjust to which letter? a - Corona
Casting: Corona
Confirm with . or Enter, or press ? or * to list all spells.
Aiming: Corona
Press: ? - help, Shift-Dir - straight line, f - bat zombie
Aim: a bat zombie (chance to defeat MR: 76%)
The bat zombie is outlined in light.
The bat zombie misses you.
The bat zombie hits you but does no damage.
You hit the bat zombie.
The bat zombie is heavily damaged.
The bat zombie hits you but does no damage. x2
The bat zombie closely misses you.
You hit the bat zombie but do no damage.
The bat zombie is heavily damaged.
The bat zombie misses you. The bat zombie closely misses you.
You hit the bat zombie.
The bat zombie is severely damaged.
The bat zombie barely misses you.
The bat zombie hits you but does no damage. x2
You hit the bat zombie.
You destroy the bat zombie!
e - a scroll labeled REOMME XASS You open the large door.
There is a large open door here.
There is a large open door here.
You open the door.
Found 16 gold pieces.
Found an escape hatch in the floor.
There is an open door here.
You open the door.
You see here 16 gold pieces.
You now have 16 gold pieces.
There is an escape hatch in the floor here.
You slide downwards.
The hatch slams shut behind you.
A leopard gecko and a dart slug come into view.
Found a notched moonstone ring, 11 stones and 16 gold pieces.
The helpless dart slug fails to defend itself.
You impale the dart slug!!
You kill the dart slug!
You see here a notched moonstone ring.
f - a notched moonstone ring Put on which piece of jewellery? (? for menu, Esc to quit)
You feel more attuned to fire.
f - a ring of fire (left hand)
You remove your ring of fire.
You see here 11 stones.
g - 11 stones You see here 16 gold pieces.
You now have 32 gold pieces (gained 16).
Found a thick steel amulet.
You see here a thick steel amulet.
h - a thick steel amulet Put on which piece of jewellery? (? for menu, Esc to quit)
Oops, that amulet feels deathly cold.
h - a cursed amulet of inaccuracy (around neck)
As you read the scroll labeled REOMME XASS, it crumbles to dust.
You assume a fearsome visage.
Nothing appears to happen.
It was a scroll of fear.
A frilled lizard comes into view.
A goblin comes into view.
Are you sure you want to abandon this character and quit the game? (Confirm with "yes".)

.... ... ..### ....
#. #..### ###.#
#..#.# #
#...###..#.#..###
#........@.......
#...###..###.l###
#...#.#....# g.#
#...#.#..###..###
#..............
#...###..###..# #
#...#.#..# ..#.#
#...#.#..###..#.#..
#.................


You could see a goblin (wandering) and a frilled lizard (wandering).

Vanquished Creatures
  A dart slug (D:2)
  A bat zombie (D:1)
  A leopard gecko zombie (D:1)
3 creatures vanquished.

Notes
Turn   | Place    | Note
-------+----------+-------------------------------------------
     0 | D:1      | tidbits the Gnoll Enchanter began the quest for the Orb.
     0 | D:1      | Reached XP level 1. HP: 13/13 MP: 6/6
    80 | D:2      | Quit the game

Action                   || total
-------------------------++-------
Melee: Dagger            ||     6
 Cast: Corona            ||     1
  Use: Scroll            ||     1
 Stab: Sleeping          ||     2
Armor: Robe              ||     9
Dodge: Dodged            ||     6

Table legend:
 A = Turns spent in this place as a percentage of turns spent in the entire game.
 B = Non-inter-level travel turns spent in this place as a percentage of non-inter-level travel turns spent in the entire game.
 C = Inter-level travel turns spent in this place as a percentage of turns spent in this place.
 D = Turns resting spent in this place as a percentage of non-inter-level travel turns spent in this place.
 E = Turns spent auto-exploring this place as a percentage of non-inter-level travel turns spent in this place.
 F = Non-inter-level travel turns spent in this place divided by the number of levels of this place that you've seen.
                   A       B       C       D       E      F
               +-------+-------+-------+-------+-------+----------------------
         Total | 100.0 | 100.0 |   0.0 |   0.0 |   0.0 |  40.0
       Dungeon | 100.0 | 100.0 |   0.0 |   0.0 |   0.0 |  40.0
               +-------+-------+-------+-------+-------+----------------------

Table legend:
 A = Kills in this place as a percentage of kills in entire the game.
 B = Kills by you in this place as a percentage of kills by you in the entire game.
 C = Kills by friends in this place as a percentage of kills by friends in the entire game.
 D = Other kills in this place as a percentage of other kills in the entire game.
 E = Experience gained in this place as a percentage of experience gained in the entire game.
 F = Experience gained in this place divided by the number of levels of this place that you have seen.
                   A       B       C       D       E      F
               +-------+-------+-------+-------+-------+----------------------
         Total | 100.0 | 100.0 |   N/A |   N/A | 100.0 |   3.5
       Dungeon | 100.0 | 100.0 |   N/A |   N/A | 100.0 |   3.5
               +-------+-------+-------+-------+-------+----------------------

Vault maps used:
D:1:      saegor_arrival_fortress, lexackson_kobold_supper
D:2:      kiku_gazebo_garden_becter, bloody_trog, lemuel_round_altar,
          fiery_altar_vehumet, chequers_ecumenical_altar_island,
          minmay_misc_feat_nine_boxes, uniq_robin
